 Dungeon Crawl Stone Soup version 0.31-a0-574-g69dc8cc98e (webtiles) character file.

Game seed: 2757268632106022307

76 mopl the Slasher (level 4, -2/37 HPs)
             Began as a Merfolk Fighter on Aug 18, 2023.
             Slain by an orc priest
             ... wielding a +0 dagger
              (4 damage)
             ... on level 3 of the Dungeon.
             The game lasted 00:02:05 (1593 turns).

mopl the Slasher (Merfolk Fighter)                  Turns: 1593, Time: 00:02:06

Health: -2/37      AC:  6    Str: 18    XL:     4   Next: 32%
Magic:  4/4        EV:  6    Int:  7    God:
Gold:   163        SH: 12    Dex: 13    Spells: 3/3 levels left

rFire   . . .        a - +0 long sword
rCold   + . .        s - +0 tower shield
rNeg    . . .        b - +0 scale mail
rPois   .            (no helmet)
rElec   .            (no cloak)
rCorr   +            (no gloves)
SInv    .            (no boots)
Will    .....        (no amulet) Stlth
                     f - ring of protection from cold
HPRegen 0.26/turn    n - ring of resist corrosion
MPRegen 0.09/turn

%: no passive effects
@: no status effects
A: (nimble swimmer 2), mertail
a: no special abilities


You were on level 3 of the Dungeon.
You visited 1 branch of the dungeon, and saw 3 of its levels.

You collected 163 gold pieces.

Inventory:

Hand Weapons
 a - a +0 long sword (weapon)
Armour
 b - a +0 scale mail (worn)
 s - a +0 tower shield (worn)
Jewellery
 f - a ring of protection from cold (left hand)
 n - a ring of resist corrosion (right hand)
Scrolls
 c - a scroll of teleportation {unknown}
 g - a scroll of enchant armour {unknown}
 h - 2 scrolls of amnesia {unknown}
 j - a scroll of fear {unknown}
 k - a scroll of noise {unknown}
 l - a scroll of silence {unknown}
 m - a scroll of immolation {unknown}
 p - a scroll of identify {unknown}
 q - a scroll of poison {unknown}
 r - 2 scrolls of enchant weapon {unknown}
Potions
 d - a potion of might
 e - a potion of heal wounds {unknown}
 i - 3 potions of lignification {unknown}
 o - a potion of magic {unknown}
 t - a potion of curing {unknown}


   Skills:
 + Level 3.8 Fighting
 * Level 3.9 Long Blades
 + Level 2.5 Armour
 + Level 2.0 Dodging
 - Level 3.0 Shields


You had 3 spell levels left.
You didn't know any spells.
Your spell library contained the following spells:

 Spells                   Type           Power      Damage    Failure   Level
 Sublimation of Blood     Necr           0%         N/A       100%        2
 Tukima's Dance           Hex            0%         N/A       100%        3
 Manifold Assault         Tloc           0%         N/A       100%        4
 Passage of Golubria      Tloc           0%         N/A       100%        4
 Petrify                  Tmut/Erth      0%         N/A       100%        4
 Irradiate                Conj/Tmut      0%         3d11      100%        5
 Yara's Violent Unravell  Hex/Tmut       0%         3d3       100%        5
 Dispersal                Tloc           0%         N/A       100%        6
 Disjunction              Tloc           0%         N/A       100%        8


Dungeon Overview and Level Annotations

Branches:
Dungeon (3/15)

Altars:

Annotations:
D:2 1 runed translucent door, Crazy Yiuf


Innate Abilities, Weirdness & Mutations

((You are very nimble when in or above water. (Stealth+, EV+, Speed+++)))
Your lower body shifts to a powerful aquatic tail in water.


Message History

The orc puts on a burst of speed as it pursues you!
The orc priest begins to cast a cantrip, but forgets the words!
The orc puts on a burst of speed as it pursues you!
You hit the orc.
The orc is severely wounded.
The orc hits you with a +0 mace.
You hit the orc.
You kill the orc!
Something hits you but does no damage.
You barely miss something. Something completely misses you.
Something hits you but does no damage.
You barely miss something.
The orc priest looks satisfied for a moment.
Something hits you.
You hit something. Something hits you but does no damage.
You block the orc priest's attack. Something hits you but does no damage.
You miss something. You block the orc priest's attack.
Something hits you but does no damage.
The orc priest invokes the aid of Beogh against you.
Beogh smites you!
You barely miss the orc priest.
The orc is no longer moving quickly.
Something hits you but does no damage.
The orc priest looks encouraged for a moment.
Something hits you.
You hit the orc priest but do no damage.
The orc priest mumbles some strange prayers to Beogh against you.
Pain shoots through your body!
* * * LOW HITPOINT WARNING * * *
Something hits you but does no damage. You block the orc priest's attack.
You hit the orc priest but do no damage.
You hear some strange, mumbled words.
Something tries to affect you, but you resist.
The orc priest hits you but does no damage.
Something hits you.
* * * LOW HITPOINT WARNING * * *
You barely miss the orc priest.
An endoplasm comes into view.
The orc priest barely misses you. Something hits you but does no damage.
The orc priest hits you with a +0 dagger.
You die...

..§§.§...##### #... §§.≈≈≈§≈.#
#... #≈.§###≈.############# #...
#≈§ #≈.............# #...
#≈.≈###≈.............# #>..
≈≈.≈≈≈≈≈.............#####... §§.
............o#.#.#.#.#.#.#.#. §≈§
≈≈.≈≈≈§§§###)o............... .§#
#≈.§###≈.# #@#.#.#.#.#.#.#.#. .§#
#§.§# #≈.# #...............[.
.≈###≈.≈###≈.# #.#.#.#.#.#.#.#.#.
§≈≈§≈≈.≈≈≈≈≈.# #....>............
....)).......# #.#.#.#.#.#.#.#.#.
.....#.....#####).....J..........
.....#....## #...#.#.#.#.#.#.#.#.
.....#....####.#.†...............
.<...............#.#.#.#.#.#.#.#.


You could see an orc priest, an orc and an endoplasm (wandering).

Vanquished Creatures
  An adder (D:3)
  A worm (D:3)
  A dart slug (D:1)
  4 orcs (D:3)
  6 ball pythons
  4 bats
  7 endoplasms
  3 giant cockroaches
  8 goblins
  6 hobgoblins
  2 jackals (D:2)
  2 frilled lizards
  A kobold (D:3)
  6 rats
52 creatures vanquished.

Notes
Turn   | Place    | Note
-------+----------+-------------------------------------------
     0 | D:1      | mopl the Merfolk Fighter began the quest for the Orb.
     0 | D:1      | Reached XP level 1. HP: 18/18 MP: 1/1
   102 | D:1      | Reached XP level 2. HP: 21/24 MP: 2/2
   161 | D:1      | Reached skill level 1 in Dodging
   163 | D:1      | Reached skill level 3 in Long Blades
   247 | D:1      | Reached XP level 3. HP: 29/29 MP: 3/3
  1202 | D:2      | Found a runed translucent door.
  1203 | D:2      | Noticed Crazy Yiuf
  1388 | D:3      | Reached XP level 4. HP: 34/37 MP: 4/4
  1473 | D:3      | Reached skill level 2 in Dodging
  1593 | D:3      | Slain by an orc priest

Illustrated notes

Levels and vault maps discovered:
D:1:      minmay_arrival_shattered_statue, layout_loops_ring
D:2:      minmay_spotlight, layout_loops_cross, uniq_crazy_yiuf_cottage
D:3:      layout_basic, st_stairs_11, kennysheep_boxes

Skill      XL: |  1  2  3  4 |
---------------+-------------+-----
Dodging        | 1 2 |  2.0
Long Blades    | 3 |  3.9
Fighting       | |  3.8
Armour         | |  2.5
Shields        | |  3.0

Action                     |  1- 3 |  4- 6 || total
---------------------------+-------+-------++-------
  Melee: Long sword        |   122 |    31 ||   153
 Armour: Scale mail        |    60 |    18 ||    78
  Dodge: Dodged            |    47 |     7 ||    54
  Block: Buckler           |    28 |     2 ||    30
         Tower shield      |       |    15 ||    15

Table legend: (Time is in decaauts)
 A = Elapsed time spent in this place.
 B = Non-inter-level travel time spent in this place.
 C = Inter-level travel time spent in this place.
 D = Time resting spent in this place.
 E = Time spent auto-exploring this place.
 F = Levels seen in this place.
 G = Mean time per level.
                   A        B        C        D        E       F      G
               +--------+--------+--------+--------+--------+-----+--------+
         Total |   1638 |   1597 |     41 |      0 |   1212 |   3 |  546.0 |
       Dungeon |   1638 |   1597 |     41 |      0 |   1212 |   3 |  546.0 |
               +--------+--------+--------+--------+--------+-----+--------+

Top non-repeatable levels by time:
     D:1: 698 daAuts
     D:2: 683 daAuts
     D:3: 257 daAuts
